 Dungeon Crawl Stone Soup version 0.19-a0-328-g3707654 (webtiles) character file.

82 wvc the Poker (level 4, -4/35 HPs)
             Began as a Demonspawn Wanderer on May 28, 2016.
             Slain by an orc priest
             ... wielding a +0 war axe
              (12 damage)
             ... on level 3 of the Dungeon.
             The game lasted 00:03:15 (1794 turns).

wvc the Poker (Demonspawn Wanderer)                 Turns: 1794, Time: 00:03:16

Health: -4/35      AC:  5    Str: 14    XL:     4   Next: 21%
Magic:  4/4        EV: 11    Int: 12    God:
Gold:   137        SH:  0    Dex: 13    Spells: 0 memorised, 3 levels left

rFire  . . .     SeeInvis .       - Unarmed
rCold  . . .     Gourm    .     m - +0 leather armour (curse)
rNeg   . . .     Faith    .     (no shield)
rPois  .         Spirit   .     (no helmet)
rElec  .         Dismiss  .     (no cloak)
rCorr  .         Reflect  .     (no gloves)
SustAt .         Harm     .     n - +1 pair of boots
MR     .....                    (no amulet)
Stlth  +.........               (no ring)
                                (no ring)

@: not resistant to hostile enchantments, very unstealthy
A: claws 1, spiny 1
a: no special abilities


You were on level 3 of the Dungeon.
You were not hungry.

You visited 1 branch of the dungeon, and saw 3 of its levels.

You collected 137 gold pieces.

Inventory:

Missiles
 a - 2 javelins (quivered)
 v - 18 poisoned needles
Armour
 m - a cursed +0 leather armour (worn)
 n - a +1 pair of boots (worn)
 q - a +0 ring mail
 s - a +0 shield
Scrolls
 b - 4 scrolls of blinking
 c - a scroll of teleportation
 i - a scroll of fear
 k - a scroll of enchant armour
Potions
 d - 3 potions of curing {unknown}
 e - a potion of beneficial mutation {unknown}
 h - 2 potions of degeneration {unknown}
 j - a potion of berserk rage {unknown}
 t - 2 potions of haste {unknown}
Comestibles
 f - 2 bread rations
 p - a slice of pizza
 u - 2 meat rations


   Skills:
 - Level 3.0 Fighting
   Level 3.3 Polearms
 - Level 1.0 Throwing
 + Level 0.5 Armour
 + Level 1.2 Dodging
 * Level 3.1 Unarmed Combat
   Level 1.0 Evocations


You had 3 spell levels left.
You didn't know any spells.

Dungeon Overview and Level Annotations

Branches:
Dungeon (3/15)

Altars:


Innate Abilities, Weirdness & Mutations

You have sharp fingernails.
You are partially covered in sharp spines.


Message History

The orc priest barely misses you.
You scratch the orc priest but do no damage.
The orc priest is lightly wounded.
You scratch the orc priest.
The orc priest is lightly wounded.
The orc priest mumbles some strange prayers to Beogh against you.
Beogh smites you!
You scratch the orc priest but do no damage.
The orc priest is lightly wounded.
The orc priest is struck by your spines.
The orc priest hits you with a war axe.
* * * LOW HITPOINT WARNING * * *
You are too injured to fight recklessly!
You are too injured to fight recklessly!
You are too injured to fight recklessly!
You are too injured to fight recklessly!
You completely miss the orc priest.
The orc priest is lightly wounded.
The orc priest hits you with a war axe!
You die...

#. ..# #.#. #..#
#.## #..# #. #.#
#..# #. #.#
#r.####.## #.#
.........# #.#
#########..#
#..# #.#
........@..#
#..# #.##
#########o##
#..#####... #.#
#..........
#######.#
##.#####.##
.o......######.#
#.#
...............#
#.#
##############.#
#.# ### ###


You could see an orc priest and a rat.

Vanquished Creatures
  3 adders
  A worm (D:2)
  2 dart slugs (D:1)
  2 giant geckos (D:2)
  3 giant cockroaches (D:1)
  7 goblins
  6 hobgoblins
  2 jackals (D:2)
  4 kobolds
  2 ball pythons
  3 bats
  4 giant newts
  10 rats
49 creatures vanquished.

Notes
Turn   | Place    | Note
--------------------------------------------------------------
     0 | D:1      | wvc the Demonspawn Wanderer began the quest for the Orb.
     0 | D:1      | wvc set off with: a +2 spear, a +0 short sword, a scroll of teleportation, a +0 robe, a bread ration
     0 | D:1      | Reached XP level 1. HP: 18/18 MP: 1/1
   216 | D:1      | Gained mutation: You have sharp fingernails. [demonic ancestry]
   216 | D:1      | Reached XP level 2. HP: 22/24 MP: 2/2
   556 | D:1      | Reached XP level 3. HP: 25/29 MP: 3/3
  1422 | D:2      | Reached skill level 1 in Dodging
  1473 | D:3      | Gained mutation: You are partially covered in sharp spines. [demonic ancestry]
  1473 | D:3      | Reached XP level 4. HP: 19/35 MP: 4/4
  1794 | D:3      | Slain by an orc priest

Vault maps used:
D:1:      grunt_arrival_crossed_arrows
D:3:      st_stairs_11

Skill      XL: |  1  2  3  4 |
---------------+-------------+-----
Polearms       | 3 |  3.3
Unarmed Combat | 2 3 |  3.1
Dodging        | 1 |  1.2
Fighting       | |  3.0
Throwing       | |  1.0
Armour         | |  0.5
Evocations     | |  1.0

Action                   |  1- 3 |  4- 6 || total
-------------------------+-------+-------++-------
Melee: Spear             |    57 |       ||    57
       Punch             |     3 |       ||     3
       Unarmed           |    59 |    18 ||    77
  Use: Scroll            |     6 |       ||     6
 Stab: Sleeping          |     2 |       ||     2
  Eat: Chunk             |     1 |     2 ||     3
Armor: Robe              |     5 |       ||     5
       Leather armour    |    26 |     4 ||    30
Dodge: Dodged            |    35 |     7 ||    42
